 Dungeon Sprint DCSS version 0.21.2 (webtiles) character file.

6816 Fang the Severer (level 11, -6/79 HPs)
             Began as a Gargoyle Berserker on Dec 21, 2018.
             Was the Champion of Trog.
             Mangled by a freezing wraith (13 damage)
             ... in the Dungeon (Sprint VII: "The Pits").
             The game lasted 00:04:20 (2174 turns).

Fang the Severer (Gargoyle Berserker)               Turns: 2174, Time: 00:04:20

Health: -6/79      AC: 27    Str: 23    XL:     11   Next: 5%
Magic:  11/11      EV: 13    Int: 12    God:    Trog [******]
Gold:   0          SH:  0    Dex:  9    Spells: 10/10 levels left

rFire    . . .     SeeInvis .   n - +4 battleaxe (elec)
rCold    . . .     Gourm    .   (shield currently unavailable)
rNeg     + . .     Faith    .   t - +3 plate armour
rPois    ∞         Spirit   .   (no helmet)
rElec    +         Reflect  .   (no cloak)
rCorr    .         Harm     .   (no gloves)
MR       .....     NoTele   +   (no boots)
Stlth    ..........             (no amulet)
HPRegen  0.23/turn              p - +3 ring of intelligence
MPRegen  0.12/turn              q - +3 ring of evasion

@: no status effects
A: negative energy resistance 1, electricity resistance, unbreathing,
petrification resistance, rot immunity, AC +8
a: Berserk, Trog's Hand, Brothers in Arms, Burn Spellbooks, Renounce Religion


You were in the Dungeon.
You worshipped Trog.
Trog was exalted by your worship.
You were near starving.

You visited 1 branch

Inventory:

Hand Weapons
 j - a +1 antimagic battleaxe
 m - a +0 hand axe of chopping
 n - a +4 battleaxe of electrocution (weapon)
 s - a +1 broad axe of flaming
Armour
 t - a +3 plate armour (worn)
Jewellery
 p - a +3 ring of intelligence (left hand)
 q - a +3 ring of evasion (right hand)
Scrolls
 i - a scroll of blinking
 k - 3 scrolls of remove curse
 l - a scroll of summoning
Potions
 a - 2 potions of invisibility
 d - 7 potions of curing
 e - 10 potions of heal wounds
 f - a potion of haste
 g - 4 potions of magic
 h - 6 potions of berserk rage
 r - a potion of agility
Comestibles
 b - 22 chunks of flesh
 c - 8 rations


   Skills:
 + Level 13.8 Fighting
 + Level 15.7 Axes
 + Level 13.2 Armour
 + Level 7.0 Dodging


You had 10 spell levels left.
You didn't know any spells.

Dungeon Overview and Level Annotations

Branches:
Dungeon (1/1)

Altars:


Innate Abilities, Weirdness & Mutations

You are resistant to torment.
Your stone body is resilient. (AC +8)
You are immune to poison.
You resist negative energy. (rN+)
You are resistant to electric shocks. (rElec)
You can survive without breathing.
You are immune to petrification.
You are immune to rotting.


Message History

Unknown command.
The merfolk hits you but does no damage.
Unknown command.
The freezing wraith hits you. The freezing wraith freezes you!
The freezing wraith closely misses you.
Your cyclops hits the five-headed hydra.
Unknown command.
The five-headed hydra bites you but does no damage. x2
The five-headed hydra bites you.
The five-headed hydra bites you but does no damage. x2
The freezing wraith hits you! The freezing wraith freezes you!!
* * * LOW HITPOINT WARNING * * *
The freezing wraith hits you but does no damage.
Your cyclops hits the five-headed hydra!!!
The merfolk impaler hits you from afar with a trident of venom!
* * * LOW HITPOINT WARNING * * *
The freezing wraith hits you.
* * * LOW HITPOINT WARNING * * *
The freezing wraith freezes you!
You die...

.....#..#......#
...............#
##'#####''######
......##''##### ###########
......##......# #.........#
......##......# #.......#
..<...###....## ####...## ##
......# ##''## ###..'...'. #..#
......###....###@D..##†## ...#
......##.(....#..W.##..†##....#
########......'÷)C.mmC)..'....+
########......#...[##(..##....#
.#..[[###....###....##'## ...#
.#.![[# ##''## ###..+.÷[f #.f#
.'..))# #)...# ####...## ##
.#..).##......# #.......#
.#..))##......# #.........#


You could see a merfolk impaler, a five-headed hydra, a merfolk, a freezing
wraith and 2 friendly cyclopes.

Vanquished Creatures
  A two-headed ogre (D)
  2 orc knights (D)
  A cyclops (D)
  A smoke demon (D)
  A molten gargoyle (D)
  A spiny frog (D)
  A kobold demonologist (D)
  A hellwing (D)
  A merfolk (D)
  A troll (D)
  A redback (D)
  2 shadows (D)
  4 yaks (D)
  A fire bat (D)
  2 wargs (D)
  A soldier ant (D)
  Duvessa (D)
  A water moccasin (D)
  A swamp drake (D)
  A black bear (D)
  An ice beast (D)
  2 orc warriors (D)
  A phantom (D)
  A crocodile (D)
  Blork the orc (D)
  Dowan (D)
  5 killer bees (D)
  A hound (D)
  An orc priest (D)
  2 orc wizards (D)
  A worker ant (D)
  A mummy (D)
  A gnoll (D)
  A white imp (D)
  An ufetubus (D)
  An ooze (D)
  A worm (D)
  2 orcs (D)
  A hobgoblin (D)
  8 jackals (D)
  2 bats (D)
  A frilled lizard (D)
  A rat (D)
64 creatures vanquished.

Vanquished Creatures (collateral kills)
  2 merfolk (D)
  A wraith (D)
3 creatures vanquished.

Grand Total: 67 creatures vanquished

Notes
Turn   | Place    | Note
-------+----------+-------------------------------------------
     0 | D        | Fang the Gargoyle Berserker began the quest for the Orb.
     0 | D        | Reached XP level 1. HP: 14/14 MP: 1/1
    11 | D        | Noticed a worker ant
    21 | D        | Killed a worker ant
    21 | D        | Reached skill level 5 in Fighting
    21 | D        | Reached skill level 4 in Axes
    21 | D        | Reached XP level 2. HP: 21/21 MP: 2/2
    21 | D        | Reached XP level 3. HP: 26/26 MP: 3/3
   182 | D        | Reached ** piety under Trog
   217 | D        | Noticed a phantom
   227 | D        | Killed a phantom
   227 | D        | Reached skill level 6 in Axes
   227 | D        | Reached XP level 4. HP: 13/32 MP: 4/4
   229 | D        | Reached *** piety under Trog
   229 | D        | Reached XP level 5. HP: 16/37 MP: 5/5
   236 | D        | Reached **** piety under Trog
   556 | D        | Noticed a warg
   560 | D        | Noticed a water moccasin
   560 | D        | Reached ***** piety under Trog
   562 | D        | Reached skill level 7 in Axes
   565 | D        | Killed a warg
   565 | D        | Reached skill level 8 in Axes
   565 | D        | Reached XP level 6. HP: 45/45 MP: 6/6
   569 | D        | Killed a water moccasin
   569 | D        | Reached skill level 9 in Axes
   575 | D        | Reached XP level 7. HP: 51/51 MP: 7/7
   580 | D        | Received a gift from Trog
   739 | D        | Reached skill level 5 in Armour
   739 | D        | Reached skill level 5 in Dodging
   818 | D        | Noticed a fire bat
  1006 | D        | Killed a fire bat
  1006 | D        | Reached skill level 10 in Fighting
  1006 | D        | Reached skill level 10 in Axes
  1145 | D        | Noticed an orc knight
  1171 | D        | Killed an orc knight
  1171 | D        | Reached skill level 11 in Axes
  1171 | D        | Reached XP level 8. HP: 25/59 MP: 8/8
  1344 | D        | Noticed Duvessa
  1344 | D        | Noticed Dowan
  1352 | D        | Killed Dowan
  1373 | D        | Killed Duvessa
  1373 | D        | Received a gift from Trog
  1495 | D        | Noticed a shadow
  1495 | D        | Noticed a two-headed ogre
  1506 | D        | Killed a shadow
  1506 | D        | Reached skill level 12 in Axes
  1507 | D        | Killed a two-headed ogre
  1507 | D        | Reached XP level 9. HP: 65/65 MP: 9/9
  1690 | D        | Reached ****** piety under Trog
  1831 | D        | Noticed a molten gargoyle
  1831 | D        | Noticed a cyclops
  1838 | D        | Reached skill level 13 in Axes
  1838 | D        | Reached skill level 10 in Armour
  1847 | D        | Killed a molten gargoyle
  1847 | D        | Killed a cyclops
  1898 | D        | Noticed a kobold demonologist
  1898 | D        | Noticed a merfolk
  1901 | D        | Noticed a red devil
  1905 | D        | Noticed an orange demon
  1908 | D        | Reached XP level 10. HP: 72/72 MP: 10/10
  1916 | D        | Killed a kobold demonologist
  1917 | D        | Received a gift from Trog
  1981 | D        | Noticed a smoke demon
  1981 | D        | Noticed an orc knight
  1986 | D        | Reached skill level 14 in Axes
  1992 | D        | Killed an orc knight
  2008 | D        | Killed a smoke demon
  2008 | D        | Received a gift from Trog
  2051 | D        | Noticed a spiny frog
  2060 | D        | Killed a spiny frog
  2062 | D        | Reached skill level 15 in Axes
  2083 | D        | Noticed Blork the orc
  2087 | D        | Killed Blork the orc
  2098 | D        | Reached XP level 11. HP: 79/79 MP: 11/11
  2156 | D        | Noticed a merfolk impaler
  2156 | D        | Noticed a four-headed hydra
  2161 | D        | Received a gift from Trog
  2174 | D        | Mangled by a freezing wraith

Skill      XL: |  1  2  3  4  5  6  7  8  9 10 |
---------------+-------------------------------+-----
Fighting       | 5 6 8 9 10 11 12 13 | 13.8
Axes           | 4 6 8 9 11 12 13 15 | 15.7
Dodging        | 2 3 4 6 7 |  7.0
Armour         | 3 4 7 9 11 13 | 13.2

Action                   |  1- 3 |  4- 6 |  7- 9 | 10-12 || total
-------------------------+-------+-------+-------+-------++-------
Melee: Hand axe          |    31 |    37 |   109 |     8 ||   185
       Battleaxe         |       |       |       |    29 ||    29
       Broad axe         |       |       |       |    25 ||    25
Invok: Berserk           |     2 |     1 |     7 |     2 ||    12
       Brothers in Arms  |       |       |       |     3 ||     3
  Eat: Chunk             |       |     1 |     6 |     4 ||    11
       Ration            |       |       |     1 |       ||     1
Armor: Animal skin       |    11 |     6 |       |       ||    17
       Plate armour      |       |     7 |    49 |    53 ||   109
Dodge: Dodged            |    23 |    17 |    43 |    42 ||   125
